[Event "ROU-ch Women 2021"]
[Site "Iasi"]
[Date "2021.04.19"]
[Round "1.1"]
[White "Anghel, Maria"]
[Black "Peptan, Corina-Isabela"]
[Result "0-1"]
[ECO "E11"]
[WhiteElo "1918"]
[BlackElo "2392"]
[Annotator "ChessBase"]
[PlyCount "92"]
[EventDate "2021.04.19"]
[EventType "swiss"]
[EventCountry "ROU"]
[SourceTitle "playchess.com"]
[Source "ChessBase"]
[SourceQuality "1"]
[TimeControl "5400+30"]

1. d4 Nf6 2. Nf3 e6 3. c4 Bb4+ 4. Bd2 Qe7 5. g3 O-O 6. Bg2 d5 7. cxd5 exd5 8. O-O Bd6 9. Nc3 c6 10. Rc1 Nbd7 11. Ne1 Nb6 12. Nd3 Nc4 13. Re1 Nxd2 14. Qxd2 Ne4 15. Nxe4 dxe4 16. Nc5 Bf5 17. a3 Rfe8 18. e3 h5 19. f4 exf3 20. Bxf3 h4 21. e4 Bg6 22. e5 Bxc5 23. Rxc5 Rad8 24. Qf4 hxg3 25. hxg3 Qe6 26. Bg4 Qb3 27. Qf2 Qa4 28. Rd1 b6 29. Rcc1 c5 30. Bf3 Rxd4 31. Re1 Qb3 32. Rc3 Qe6 33. b4 Rc4 34. Rxc4 Qxc4 35. Bc6 Rd8 36. bxc5 bxc5 37. Rf1 Qe6 38. Bg2 Qxe5 39. Re1 Qd4 40. Qxd4 cxd4 41. Kf2 d3 42. Rd1 d2 43. Ke2 Bh5+ 44. Bf3 Bxf3+ 45. Kxf3 Rd3+ 46. Kf2 f5 0-1

[Event "ROU-ch Women 2021"]
[Site "Iasi"]
[Date "2021.04.19"]
[Round "1.2"]
[White "Sandu, Mihaela"]
[Black "Pancu, Aureliana-Eugenia"]
[Result "1-0"]
[ECO "C14"]
[WhiteElo "2268"]
[BlackElo "1878"]
[Annotator "ChessBase"]
[PlyCount "61"]
[EventDate "2021.04.19"]
[EventType "swiss"]
[EventCountry "ROU"]
[SourceTitle "playchess.com"]
[Source "ChessBase"]
[SourceQuality "1"]
[TimeControl "5400+30"]

1. e4 e6 2. d4 d5 3. Nc3 Nf6 4. Bg5 Be7 5. e5 Nfd7 6. h4 h6 7. Bxe7 Qxe7 8. Qg4 f5 9. Qh5+ Qf7 10. Qxf7+ Kxf7 11. Nge2 g6 12. Nf4 a6 13. Ncxd5 exd5 14. e6+ Kg7 15. exd7 Bxd7 16. Nxd5 Re8+ 17. Kd2 Re4 18. c3 b5 19. f3 Re8 20. Nxc7 Nc6 21. Nxa8 Rxa8 22. a4 b4 23. Re1 Kf6 24. Bc4 bxc3+ 25. bxc3 Na5 26. Bd5 Rd8 27. Re5 Rb8 28. Re2 Rb2+ 29. Ke3 Rxe2+ 30. Kxe2 Bxa4 31. Kd3 1-0

[Event "ROU-ch Women 2021"]
[Site "Iasi"]
[Date "2021.04.19"]
[Round "1.3"]
[White "Maria, Lia-Alexandra"]
[Black "Lehaci, Miruna-Daria"]
[Result "0-1"]
[ECO "B67"]
[WhiteElo "1713"]
[BlackElo "2188"]
[Annotator "NA"]
[PlyCount "76"]
[EventDate "2021.04.19"]
[EventType "swiss"]
[EventCountry "ROU"]
[SourceTitle "playchess.com"]
[Source "ChessBase"]
[SourceQuality "1"]
[TimeControl "5400+30"]

1. e4 c5 2. Nf3 d6 3. d4 cxd4 4. Nxd4 Nf6 5. Nc3 Nc6 6. Bg5 e6 7. Qd2 a6 8. O-O-O Bd7 9. f3 Be7 10. g4 h5 11. Be2 Rc8 12. h4 hxg4 13. fxg4 b5 14. a3 Ne5 15. Bxf6 Bxf6 16. g5 Be7 17. Rdf1 Qb6 18. h5 Nc4 19. Bxc4 Rxc4 20. Nb3 Qd8 21. Rfg1 Bc8 22. g6 fxg6 23. Rxg6 Bf6 24. h6 Kd7 25. Rhg1 gxh6 26. Rxh6 Rxh6 27. Qxh6 Kc7 28. Na5 Rc5 29. Qh7+ Kb8 30. Nb7 Bg5+ 31. Kb1 Bxb7 32. Ne2 Re5 33. Rg4 Qf6 34. Nd4 Rc5 35. Qg8+ Rc8 36. Qxg5 Qxd4 37. Rg2 Bxe4 38. Rd2 Qc5 0-1

[Event "ROU-ch Women 2021"]
[Site "Iasi"]
[Date "2021.04.19"]
[Round "1.4"]
[White "Cosman, Andreea-Marioara"]
[Black "Andries, Alexia"]
[Result "1-0"]
[ECO "D35"]
[WhiteElo "2164"]
[BlackElo "1553"]
[Annotator "NA"]
[PlyCount "67"]
[EventDate "2021.04.19"]
[EventType "swiss"]
[EventCountry "ROU"]
[SourceTitle "playchess.com"]
[Source "ChessBase"]
[SourceQuality "1"]
[TimeControl "5400+30"]

1. d4 d5 2. c4 e6 3. Nc3 Nf6 4. cxd5 exd5 5. Bg5 Be7 6. Qc2 O-O 7. e3 b6 8. Bd3 h6 9. Bf4 c6 10. Nf3 Nbd7 11. O-O Bb7 12. Rac1 c5 13. dxc5 bxc5 14. Rfd1 Rc8 15. Bf5 a6 16. Ne5 Nxe5 17. Bxc8 Nf3+ 18. gxf3 Qxc8 19. Ne2 d4 20. e4 g5 21. Be5 Nh5 22. Ng3 Qh3 23. Qd3 Nf4 24. Bxf4 gxf4 25. Nf5 Bf6 26. Rxc5 Kh8 27. Kh1 Re8 28. Nd6 Rb8 29. Nxf7+ Kg7 30. Rc7 Kf8 31. Qa3+ Ke8 32. Rg1 Bg5 33. Nxg5 hxg5 34. Qe7# 1-0

[Event "ROU-ch Women 2021"]
[Site "Iasi"]
[Date "2021.04.19"]
[Round "1.5"]
[White "Marcu, Daria-Ana"]
[Black "Ciolacu, Alessia-Mihaela"]
[Result "0-1"]
[ECO "B94"]
[WhiteElo "1533"]
[BlackElo "2052"]
[Annotator "NA"]
[PlyCount "96"]
[EventDate "2021.04.19"]
[EventType "swiss"]
[EventCountry "ROU"]
[SourceTitle "playchess.com"]
[Source "ChessBase"]
[SourceQuality "1"]
[TimeControl "5400+30"]

1. e4 c5 2. Nf3 d6 3. d4 cxd4 4. Nxd4 Nf6 5. Nc3 a6 6. Bg5 Nbd7 7. Qd2 h6 8. Be3 Qc7 9. Nb3 e6 10. Be2 b5 11. a3 Bb7 12. f3 Be7 13. O-O-O Ne5 14. Qd4 Rc8 15. h3 d5 16. Qb6 Qxb6 17. Bxb6 dxe4 18. f4 Ned7 19. Bd4 O-O 20. Rhg1 Nd5 21. g3 Nxc3 22. Bxc3 Bd5 23. Nd2 Bxa3 24. Kb1 Bc5 25. Rgf1 b4 26. Be5 f6 27. Bxa6 Ra8 28. Bb5 fxe5 29. Bxd7 Ra7 30. Bb5 exf4 31. gxf4 Be3 32. Nb3 Bxf4 33. Rd4 Bd6 34. Rxf8+ Kxf8 35. Rd1 g5 36. Nd4 Ba2+ 37. Ka1 Bb3+ 38. Kb1 Ba2+ 39. Ka1 Bd5+ 40. Kb1 Ra5 41. Bd7 e5 42. Bc6 Ba2+ 43. Ka1 exd4 44. Rxd4 Bd5+ 45. Kb1 Bxc6 46. Rxd6 Bd5 47. Rb6 e3 48. Rf6+ Kg7 0-1

[Event "ROU-ch Women 2021"]
[Site "Iasi"]
[Date "2021.04.19"]
[Round "1.6"]
[White "Obada, Ema"]
[Black "Pirvan, Maria"]
[Result "1-0"]
[ECO "B31"]
[WhiteElo "1940"]
[BlackElo "1529"]
[Annotator "ChessBase"]
[PlyCount "93"]
[EventDate "2021.04.19"]
[EventType "swiss"]
[EventCountry "ROU"]
[SourceTitle "playchess.com"]
[Source "ChessBase"]
[SourceQuality "1"]
[TimeControl "5400+30"]

1. e4 c5 2. Nf3 Nc6 3. Bb5 g6 4. Bxc6 dxc6 5. O-O Nf6 6. d3 Bg7 7. Nc3 O-O 8. Be3 b6 9. h3 Ba6 10. Qc1 Qc7 11. Bf4 Qb7 12. Bh6 c4 13. Bxg7 Kxg7 14. d4 c5 15. d5 b5 16. Qe3 Rac8 17. Rad1 Rfd8 18. Ne2 e6 19. dxe6 Qxe4 20. Qxe4 Nxe4 21. e7 Rxd1 22. Rxd1 Nf6 23. Rd8 Ne8 24. Nf4 f6 25. Rd7 Ra8 26. Ne6+ Kf7 27. Nxc5 Bc8 28. Rd1 Kxe7 29. Nd4 Nc7 30. Nc6+ Kf7 31. Rd8 Ne6 32. Nxe6 Kxe6 33. Nd4+ Ke7 34. Rh8 a6 35. Rxh7+ Kd6 36. c3 Bf5 37. f4 Bd3 38. Rf7 f5 39. Rf6+ Kc7 40. Rxg6 Re8 41. Re6 Rxe6 42. Nxe6+ Kd6 43. Nd4 Kc5 44. a3 a5 45. Kf2 b4 46. axb4+ axb4 47. g4 1-0

[Event "ROU-ch Women 2021"]
[Site "Iasi"]
[Date "2021.04.20"]
[Round "2.5"]
[White "Pancu, Aureliana-Eugenia"]
[Black "Marcu, Daria-Ana"]
[Result "1-0"]
[ECO "A07"]
[WhiteElo "1878"]
[BlackElo "1533"]
[Annotator "NA RC"]
[PlyCount "91"]
[EventDate "2021.04.19"]
[EventType "swiss"]
[EventCountry "ROU"]
[SourceTitle "playchess.com"]
[Source "ChessBase"]
[SourceQuality "1"]
[TimeControl "5400+30"]

1. Nf3 d5 2. g3 Nf6 3. Bg2 c6 4. O-O Bf5 5. d3 e6 6. Nbd2 c5 7. Qe1 Nc6 8. c3 Be7 9. e4 dxe4 10. dxe4 Bg6 11. Qe2 a6 $16 (11... O-O $11) 12. h3 h6 13. Re1 O-O 14. Nh4 Bh7 15. f4 e5 16. f5 b5 17. Nf1 Qc7 18. Be3 Nd7 19. Nf3 c4 20. Red1 Rad8 21. Qf2 Qb7 22. Ne1 Nf6 23. Qc2 Nb8 24. g4 Nbd7 25. Ng3 Nc5 26. Kh1 Nfd7 27. Rd5 Bh4 28. Kh2 Be7 29. Rad1 Rc8 30. Qf2 Rc7 31. Nh5 Rfc8 32. Qc2 Nb6 33. R5d2 Rd7 34. Rxd7 Nbxd7 35. Rd2 Bh4 36. Nf3 Be7 37. Ng1 Nd3 38. b4 Rd8 39. Qd1 Bh4 40. Nf3 Qxe4 41. Bxh6 gxh6 42. Nxh4 Qe1 43. Qxe1 Nxe1 44. Rxd7 Rxd7 45. Nf6+ Kg7 46. Nxd7 1-0

[Event "ROU-ch Women 2021"]
[Site "Iasi"]
[Date "2021.04.20"]
[Round "2.6"]
[White "Pirvan, Maria"]
[Black "Maria, Lia-Alexandra"]
[Result "0-1"]
[ECO "B42"]
[WhiteElo "1529"]
[BlackElo "1713"]
[Annotator "NA RC"]
[PlyCount "64"]
[EventDate "2021.04.19"]
[EventType "swiss"]
[EventCountry "ROU"]
[SourceTitle "playchess.com"]
[Source "ChessBase"]
[SourceQuality "1"]
[TimeControl "5400+30"]

1. e4 c5 2. Nf3 e6 3. d4 cxd4 4. Nxd4 Nf6 5. Bd3 a6 6. O-O Qc7 7. Kh1 d6 8. f4 Nbd7 9. Qe2 b5 10. Bxb5 axb5 11. Nxb5 Qc6 12. e5 Nd5 13. exd6 Bxd6 14. c4 Nc7 15. f5 e5 16. Qg4 Nxb5 17. Qxg7 Rf8 18. cxb5 Qxb5 19. Rd1 Bb4 20. Nc3 Bxc3 21. bxc3 Qc4 22. Bh6 Rxa2 23. Rxa2 Qxa2 24. Bg5 f6 25. Bd2 Qc2 26. Qg4 Bb7 27. c4 Nc5 28. Qh5+ Rf7 29. Qg4 Nd3 30. Qe2 Bxg2+ 31. Kg1 Rg7 32. Qh5+ Ke7 0-1

[Event "ROU-ch Women 2021"]
[Site "Iasi"]
[Date "2021.04.20"]
[Round "3.1"]
[White "Ciolacu, Alessia-Mihaela"]
[Black "Peptan, Corina-Isabela"]
[Result "1-0"]
[ECO "E25"]
[WhiteElo "2052"]
[BlackElo "2392"]
[Annotator "NA"]
[PlyCount "71"]
[EventDate "2021.04.19"]
[EventType "swiss"]
[EventCountry "ROU"]
[SourceTitle "playchess.com"]
[Source "ChessBase"]
[SourceQuality "1"]
[TimeControl "5400+30"]

1. d4 Nf6 2. c4 e6 3. Nc3 Bb4 4. f3 d5 5. a3 Bxc3+ 6. bxc3 c5 7. cxd5 Nxd5 8. dxc5 O-O ({Of course not} 8... Nxc3 9. Qxd8+ Kxd8 10. Bb2 $16) (8... f5 $11 {keeps the balance.}) 9. e4 Nf6 $16 10. Be3 Qa5 11. Qb3 Na6 12. a4 Bd7 13. Bxa6 Qxa6 14. Ne2 Bc6 15. c4 Nd7 16. Bd4 e5 17. Be3 Rfb8 18. O-O b6 19. cxb6 Nxb6 20. Bxb6 Rxb6 21. Qc3 Rab8 22. a5 Rb4 23. Qxe5 Qxc4 24. Nf4 R4b5 25. Qd6 Qc3 26. Rac1 Qe3+ 27. Kh1 Ba8 28. Rfe1 Qb3 29. Qd7 Qb4 30. a6 g6 31. Red1 Bxe4 32. fxe4 Qxe4 33. Nd5 Qe5 34. Ne7+ Kg7 35. Nc6 Qe2 36. Nxb8 1-0

[Event "ROU-ch Women 2021"]
[Site "Iasi"]
[Date "2021.04.20"]
[Round "3.2"]
[White "Sandu, Mihaela"]
[Black "Lehaci, Miruna-Daria"]
[Result "1/2-1/2"]
[ECO "B58"]
[WhiteElo "2268"]
[BlackElo "2188"]
[Annotator "NA"]
[PlyCount "139"]
[EventDate "2021.04.19"]
[EventType "swiss"]
[EventCountry "ROU"]
[SourceTitle "playchess.com"]
[Source "ChessBase"]
[SourceQuality "1"]
[TimeControl "5400+30"]

1. e4 c5 2. Nf3 d6 3. d4 cxd4 4. Nxd4 Nf6 5. Nc3 Nc6 6. Be2 e5 7. Nf3 h6 8. O-O Be7 9. Re1 O-O 10. h3 Be6 11. Bf1 Qa5 12. Bd2 Qd8 13. a4 Re8 14. Nb5 a6 15. Na3 d5 16. exd5 Nxd5 17. c4 Nc7 18. Nc2 f6 19. b4 Bf7 20. b5 Nd4 21. Nfxd4 exd4 22. Qg4 h5 23. Qxd4 Qxd4 24. Nxd4 axb5 25. axb5 Rxa1 26. Rxa1 Ne6 27. Nxe6 Bxe6 28. Be3 Bd6 29. Be2 Rc8 30. Ra7 Bxc4 31. Bxc4+ Rxc4 32. Rxb7 Bf4 33. Bxf4 Rxf4 34. g3 Rb4 35. h4 Kh7 36. Kg2 Kg6 37. b6 Rb3 38. Rb8 Kf5 39. b7 Kg6 40. f3 Rb2+ 41. Kf1 Kf5 42. Ke1 Kg6 43. Kd1 Rb3 44. Kc2 Rb5 45. g4 hxg4 46. fxg4 Rb6 47. Kc3 Rb1 48. Kc4 Kf7 49. h5 Rc1+ 50. Kd3 Rb1 51. Kc2 Rb5 52. Kc3 Rb1 53. Kc4 Rc1+ 54. Kd5 Rd1+ 55. Kc6 Rc1+ 56. Kd7 Rd1+ 57. Kc7 Rc1+ 58. Kd6 Rd1+ 59. Kc5 Rc1+ 60. Kd5 Rd1+ 61. Ke4 Re1+ 62. Kf5 Rf1+ 63. Ke4 Re1+ 64. Kf4 Rf1+ 65. Kg3 Rg1+ 66. Kf2 Rb1 67. Kg2 Rb3 68. h6 Kg6 69. hxg7 Kxg7 70. Kf2 1/2-1/2

[Event "ROU-ch Women 2021"]
[Site "Iasi"]
[Date "2021.04.20"]
[Round "3.3"]
[White "Obada, Ema"]
[Black "Pancu, Aureliana-Eugenia"]
[Result "1-0"]
[ECO "C00"]
[WhiteElo "1940"]
[BlackElo "1878"]
[Annotator "NA"]
[PlyCount "63"]
[EventDate "2021.04.19"]
[EventType "swiss"]
[EventCountry "ROU"]
[SourceTitle "playchess.com"]
[Source "ChessBase"]
[SourceQuality "1"]
[TimeControl "5400+30"]

1. e4 e6 2. d3 d5 3. Nd2 Nf6 4. g3 dxe4 5. dxe4 e5 6. Bg2 Bc5 7. Ngf3 Nc6 8. O-O O-O 9. c3 Bg4 10. h3 Bh5 11. Qe2 Qe7 12. b4 Bd6 13. Nc4 Qe6 14. g4 Bg6 15. Nh4 h6 16. Nf5 a6 17. Be3 Rfd8 18. a4 Bf8 19. Nd2 Rd7 20. h4 Rad8 21. Bh3 Bxf5 22. exf5 Qd5 23. g5 hxg5 24. hxg5 Ne4 25. c4 Nc3 26. Qh5 Qd3 27. g6 Bxb4 28. Qh7+ Kf8 29. Qh8+ Ke7 30. Qxg7 Ke8 31. c5 Qd5 32. Qh8+ 1-0

[Event "ROU-ch Women 2021"]
[Site "Iasi"]
[Date "2021.04.20"]
[Round "3.4"]
[White "Maria, Lia-Alexandra"]
[Black "Andries, Alexia"]
[Result "1-0"]
[ECO "B42"]
[WhiteElo "1713"]
[BlackElo "1553"]
[Annotator "NA"]
[PlyCount "85"]
[EventDate "2021.04.19"]
[EventType "swiss"]
[EventCountry "ROU"]
[SourceTitle "playchess.com"]
[Source "ChessBase"]
[SourceQuality "1"]
[TimeControl "5400+30"]

1. e4 c5 2. Nf3 e6 3. d4 cxd4 4. Nxd4 a6 5. Bd3 Nf6 6. O-O d6 7. Nd2 Be7 8. a4 b6 9. Nc4 Bb7 10. Re1 Nbd7 11. b4 d5 12. exd5 Nxd5 13. b5 axb5 14. Nxb5 O-O 15. c3 Nc5 16. Bc2 Ba6 17. Bd2 Bf6 18. Qh5 g6 19. Qf3 Bg7 20. Qg3 Bb7 21. h4 Qb8 22. Ncd6 Bc6 23. Qh3 Nb7 24. Ne4 Na5 25. Rab1 Nc4 26. Bc1 Re8 27. Bb3 Na5 28. Ba2 h6 29. c4 Ne7 30. Ned6 Rd8 31. Nxf7 Kxf7 32. Qxe6+ Kf8 33. Qxe7+ Kg8 34. c5+ Kh8 35. Nd6 Rd7 36. Qe6 Kh7 37. h5 g5 38. Qg6+ Kh8 39. Bb2 Bxb2 40. Qxh6+ Rh7 41. Nf7+ Kg8 42. Nxg5+ Kh8 43. Qxh7# 1-0

[Event "ROU-ch Women 2021"]
[Site "Iasi"]
[Date "2021.04.20"]
[Round "3.5"]
[White "Cosman, Andreea-Marioara"]
[Black "Anghel, Maria"]
[Result "1-0"]
[ECO "D27"]
[WhiteElo "2164"]
[BlackElo "1918"]
[Annotator "NA"]
[PlyCount "87"]
[EventDate "2021.04.19"]
[EventType "swiss"]
[EventCountry "ROU"]
[SourceTitle "playchess.com"]
[Source "ChessBase"]
[SourceQuality "1"]
[TimeControl "5400+30"]

1. d4 d5 2. c4 dxc4 3. Nf3 Nf6 4. e3 a6 5. Bxc4 e6 6. O-O c5 7. b3 cxd4 8. Nxd4 Bd6 9. Be2 e5 10. Nf3 O-O 11. Ba3 Bxa3 12. Nxa3 Qe7 13. Nc4 Rd8 14. Qc2 Nc6 15. Rfd1 Bg4 16. h3 Bh5 17. Qb2 Bxf3 18. Bxf3 e4 19. Be2 b5 20. Na3 Nb4 21. Nc2 Nxc2 22. Qxc2 Rac8 23. Rxd8+ Qxd8 24. Rd1 Qe8 25. Qd2 h6 26. Qa5 Qc6 27. a4 Rb8 28. axb5 axb5 29. Rd8+ Rxd8 30. Qxd8+ Kh7 31. Qb8 Qc1+ 32. Bf1 Nd5 33. Qxb5 Nc3 34. Qc4 f5 35. b4 Qd2 36. b5 Nd1 37. Qe2 Qd6 38. b6 Nc3 39. Qc4 Nd5 40. b7 Qd8 41. Qxd5 Qxd5 42. b8=Q Qd1 43. Qe5 Qd7 44. Bc4 1-0

[Event "ROU-ch Women 2021"]
[Site "Iasi"]
[Date "2021.04.20"]
[Round "3.6"]
[White "Marcu, Daria-Ana"]
[Black "Pirvan, Maria"]
[Result "0-1"]
[ECO "B33"]
[WhiteElo "1533"]
[BlackElo "1529"]
[Annotator "NA RC"]
[PlyCount "57"]
[EventDate "2021.04.19"]
[EventType "swiss"]
[EventCountry "ROU"]
[SourceTitle "playchess.com"]
[Source "ChessBase"]
[SourceQuality "1"]
[TimeControl "5400+30"]

1. e4 c5 2. Nf3 Nc6 3. d4 cxd4 4. Nxd4 Nf6 5. Nc3 e5 6. Ndb5 d6 7. Bg5 a6 8. Na3 b5 9. Nd5 Be7 10. Bxf6 Bxf6 11. c3 Rb8 12. Be2 O-O 13. Nc2 Bg5 14. O-O Be6 15. Ncb4 Nxb4 16. Nxb4 Qb6 17. a4 a5 18. Nd3 bxa4 19. Qxa4 Ra8 20. Ra3 Rfb8 21. Qd1 Bb3 22. Qa1 Be7 23. Nc1 Bc2 24. b4 Bxe4 25. bxa5 Qc6 26. a6 Bxg2 27. Rd1 Bh3 28. Bf1 Qf3 29. Rd3 0-1

[Event "ROU-ch Women 2021"]
[Site "Iasi"]
[Date "2021.04.21"]
[Round "4.1"]
[White "Obada, Ema"]
[Black "Ciolacu, Alessia-Mihaela"]
[Result "1-0"]
[ECO "C77"]
[WhiteElo "1940"]
[BlackElo "2052"]
[Annotator "ChessBase"]
[PlyCount "85"]
[EventDate "2021.04.19"]
[EventType "swiss"]
[EventCountry "ROU"]
[SourceTitle "playchess.com"]
[Source "ChessBase"]
[SourceQuality "1"]
[TimeControl "5400+30"]

1. e4 e5 2. Nf3 Nc6 3. Bb5 a6 4. Ba4 Nf6 5. d3 d6 6. c3 g6 7. O-O Bg7 8. Re1 O-O 9. h3 b5 10. Bc2 Bb7 11. Bg5 h6 12. Bh4 Nb8 13. d4 Nbd7 14. Nbd2 c5 15. Nf1 Qc7 16. a4 Rfe8 17. dxe5 dxe5 18. N3h2 c4 19. Qf3 Nh5 20. Ne3 Nf4 21. Bg3 Nd3 22. Bxd3 cxd3 23. Nd5 Bxd5 24. exd5 Qc4 25. axb5 axb5 26. Rxa8 Rxa8 27. Nf1 f5 28. Nd2 Qc5 29. Qxd3 e4 30. Qe2 Qxd5 31. f3 exf3 32. Nxf3 Nf6 33. Rd1 Qe4 34. Qxb5 Qc2 35. Re1 Rd8 36. Qe2 Qa4 37. Qe6+ Kh7 38. Ne5 f4 39. Bf2 Qc2 40. Bd4 Qxb2 41. Nc4 Qb5 42. Bxf6 Bxf6 43. Qxf6 1-0

[Event "ROU-ch Women 2021"]
[Site "Iasi"]
[Date "2021.04.21"]
[Round "4.2"]
[White "Peptan, Corina-Isabela"]
[Black "Maria, Lia-Alexandra"]
[Result "1-0"]
[ECO "E10"]
[WhiteElo "2392"]
[BlackElo "1713"]
[Annotator "ChessBase"]
[PlyCount "79"]
[EventDate "2021.04.19"]
[EventType "swiss"]
[EventCountry "ROU"]
[SourceTitle "playchess.com"]
[Source "ChessBase"]
[SourceQuality "1"]
[TimeControl "5400+30"]

1. d4 Nf6 2. c4 e6 3. g3 c5 4. Nf3 b6 5. d5 exd5 6. cxd5 d6 7. Nc3 Nbd7 8. Bg2 g6 9. O-O a6 10. a4 Bg7 11. Nd2 Bb7 12. Qb3 O-O 13. Nc4 Ne8 14. Bf4 Be5 15. Bxe5 dxe5 16. Rfd1 Kg7 17. Ne4 Qc7 18. d6 Qc6 19. Ne3 Qc8 20. Nd5 c4 21. Qc3 Bxd5 22. Rxd5 h6 23. Rc1 f5 24. Rxe5 Nxe5 25. Qxe5+ Kg8 26. Qd5+ Rf7 27. d7 Qxd7 28. Qxa8 fxe4 29. Qxe4 Kh7 30. Qxc4 b5 31. axb5 axb5 32. Qb3 Nd6 33. Bd5 Rf6 34. Qd3 Qa7 35. e3 Qe7 36. Qc3 Qf8 37. Qc7+ Nf7 38. Ra1 h5 39. Ra7 Qb4 40. Qc3 1-0

[Event "ROU-ch Women 2021"]
[Site "Iasi"]
[Date "2021.04.21"]
[Round "4.3"]
[White "Lehaci, Miruna-Daria"]
[Black "Cosman, Andreea-Marioara"]
[Result "1-0"]
[ECO "B92"]
[WhiteElo "2188"]
[BlackElo "2164"]
[Annotator "ChessBase"]
[PlyCount "83"]
[EventDate "2021.04.19"]
[EventType "swiss"]
[EventCountry "ROU"]
[SourceTitle "playchess.com"]
[Source "ChessBase"]
[SourceQuality "1"]
[TimeControl "5400+30"]

1. e4 c5 2. Nf3 d6 3. d4 cxd4 4. Nxd4 Nf6 5. Nc3 a6 6. Be2 e5 7. Nf3 Qc7 8. Bg5 Nbd7 9. a4 b6 10. Nd2 Bb7 11. Bf3 Rc8 12. O-O Be7 13. Qe2 O-O 14. Rfd1 h6 15. Be3 Rfe8 16. Nf1 Bf8 17. Ng3 g6 18. h4 h5 19. Qd2 Kh7 20. Bg5 Qc6 21. Nf1 Ng8 22. Qe2 Qc4 23. Qe1 Qb4 24. Bd2 Bh6 25. Ne3 Bxe3 26. Qxe3 Qc5 27. Qd3 Re6 28. Be3 Qc4 29. Qd2 Ngf6 30. Be2 Qc7 31. f3 d5 32. exd5 Rd6 33. Bd3 Nxd5 34. Ne4 Rc6 35. Ng5+ Kg8 36. Be4 Nxe3 37. Bxc6 Nxd1 38. Bxd7 Rd8 39. Rxd1 Qc5+ 40. Kh1 Qc4 41. Ne4 Bc6 42. Qg5 1-0

[Event "ROU-ch Women 2021"]
[Site "Iasi"]
[Date "2021.04.21"]
[Round "4.4"]
[White "Marcu, Daria-Ana"]
[Black "Sandu, Mihaela"]
[Result "0-1"]
[ECO "B90"]
[WhiteElo "1533"]
[BlackElo "2268"]
[Annotator "NA"]
[PlyCount "66"]
[EventDate "2021.04.19"]
[EventType "swiss"]
[EventCountry "ROU"]
[SourceTitle "playchess.com"]
[Source "ChessBase"]
[SourceQuality "1"]
[TimeControl "5400+30"]

1. e4 c5 2. Nf3 d6 3. d4 cxd4 4. Nxd4 Nf6 5. Nc3 a6 6. Be3 b5 7. a3 Bb7 8. f3 Nbd7 9. Qd2 Rc8 10. g4 Ne5 11. Be2 Nfd7 12. Nb3 e6 13. O-O-O Be7 14. f4 Nc4 15. Bxc4 bxc4 16. Nd4 Nc5 17. Rhg1 Nxe4 18. Nxe4 Bxe4 19. Qc3 O-O 20. h4 Qd7 21. h5 f6 22. h6 g6 23. f5 e5 24. Ne6 d5 25. Nxf8 Bxf8 26. Bd2 Qa4 27. Be3 Rd8 28. Qd2 Bxa3 29. Qc3 Bb4 30. b3 Qa5 31. Qb2 c3 32. Qb1 Qa3+ 33. Qb2 Qxb2# 0-1

[Event "ROU-ch Women 2021"]
[Site "Iasi"]
[Date "2021.04.21"]
[Round "4.5"]
[White "Pancu, Aureliana-Eugenia"]
[Black "Andries, Alexia"]
[Result "1-0"]
[ECO "A08"]
[WhiteElo "1878"]
[BlackElo "1553"]
[Annotator "NA"]
[PlyCount "79"]
[EventDate "2021.04.19"]
[EventType "swiss"]
[EventCountry "ROU"]
[SourceTitle "playchess.com"]
[Source "ChessBase"]
[SourceQuality "1"]
[TimeControl "5400+30"]

1. e4 c5 2. d3 e6 3. Nf3 Nc6 4. g3 d5 5. Nbd2 Bd6 6. Bg2 Nf6 7. O-O O-O 8. Re1 Qc7 9. Qe2 e5 10. exd5 Nxd5 11. c3 Bf5 12. Ng5 Nf6 13. Nde4 Be7 14. Nxf6+ Bxf6 15. Ne4 Be7 16. Be3 b6 17. h4 Be6 18. Ng5 Bxg5 19. Bxg5 f6 20. Be3 Rad8 21. Rac1 Bd5 22. Bh3 f5 23. b4 f4 24. Bd2 fxg3 25. fxg3 Bf3 26. Qe3 e4 27. Qg5 h6 28. Bf4 hxg5 29. Bxc7 Rxd3 30. hxg5 cxb4 31. cxb4 Nxb4 32. Bf4 Nxa2 33. Be6+ Kh7 34. Bxa2 b5 35. Rc6 Rfd8 36. g6+ Kh8 37. Rc2 R3d5 38. Bxd5 Rxd5 39. Rc8+ Rd8 40. Rxd8# 1-0

[Event "ROU-ch Women 2021"]
[Site "Iasi"]
[Date "2021.04.21"]
[Round "4.6"]
[White "Anghel, Maria"]
[Black "Pirvan, Maria"]
[Result "1-0"]
[ECO "D33"]
[WhiteElo "1918"]
[BlackElo "1529"]
[Annotator "NA"]
[PlyCount "85"]
[EventDate "2021.04.19"]
[EventType "swiss"]
[EventCountry "ROU"]
[SourceTitle "playchess.com"]
[Source "ChessBase"]
[SourceQuality "1"]
[TimeControl "5400+30"]

1. d4 d5 2. c4 e6 3. Nc3 c5 4. cxd5 exd5 5. Nf3 Nc6 6. g3 c4 7. Bg2 Bb4 8. O-O Nge7 9. e4 Bxc3 10. bxc3 O-O 11. a4 Bg4 12. Qc2 Qd7 13. Ba3 dxe4 14. Qxe4 Bf5 15. Qf4 Nd5 16. Qd2 Rfe8 17. Rfe1 f6 18. Qb2 Na5 19. Nd2 Rxe1+ 20. Rxe1 Nb6 21. Bb4 Nc6 22. a5 Nd5 23. Nxc4 Ndxb4 24. cxb4 Nxd4 25. a6 Bh3 26. axb7 Rb8 27. Bh1 Re8 28. Rxe8+ Qxe8 29. b8=Q Qxb8 30. Qxd4 Qxb4 31. Qd5+ Kf8 32. Qd6+ Qxd6 33. Nxd6 Ke7 34. Nc4 Be6 35. Na3 a5 36. Kf1 Kd6 37. Ke2 Kc5 38. Nc2 Kc4 39. Kd2 a4 40. Bc6 Kb3 41. Nd4+ Kb2 42. Nxe6 a3 43. Bd5 1-0

[Event "ROU-ch Women 2021"]
[Site "Iasi"]
[Date "2021.04.22"]
[Round "5.2"]
[White "Ciolacu, Alessia-Mihaela"]
[Black "Lehaci, Miruna-Daria"]
[Result "1-0"]
[ECO "D36"]
[WhiteElo "2052"]
[BlackElo "2188"]
[Annotator "NA"]
[PlyCount "51"]
[EventDate "2021.04.19"]
[EventType "swiss"]
[EventCountry "ROU"]
[SourceTitle "playchess.com"]
[Source "ChessBase"]
[SourceQuality "1"]
[TimeControl "5400+30"]

1. d4 e6 2. c4 d5 3. Nc3 Be7 4. cxd5 exd5 5. Nf3 Nf6 6. Bg5 c6 7. Qc2 g6 8. e3 Bf5 9. Bd3 Bxd3 10. Qxd3 O-O 11. O-O Nbd7 12. Rab1 Re8 13. b4 a6 14. Na4 b5 15. Nc5 Nb6 16. Ne5 Qc8 17. f4 Ng4 18. Bxe7 Rxe7 19. Ncd7 Nxd7 20. Nxg4 Re4 21. Rbc1 Qe8 22. Rf3 Rc8 23. Rg3 Kh8 24. f5 gxf5 25. Nh6 Qe6 26. Rxc6 1-0

[Event "ROU-ch Women 2021"]
[Site "Iasi"]
[Date "2021.04.22"]
[Round "5.3"]
[White "Sandu, Mihaela"]
[Black "Cosman, Andreea-Marioara"]
[Result "1/2-1/2"]
[ECO "B53"]
[WhiteElo "2268"]
[BlackElo "2164"]
[Annotator "ChessBase"]
[PlyCount "107"]
[EventDate "2021.04.19"]
[EventType "swiss"]
[EventCountry "ROU"]
[SourceTitle "playchess.com"]
[Source "ChessBase"]
[SourceQuality "1"]
[TimeControl "5400+30"]

1. e4 c5 2. Nf3 d6 3. d4 cxd4 4. Qxd4 Nc6 5. Bb5 Bd7 6. Bxc6 Bxc6 7. Nc3 Nf6 8. Bg5 e6 9. O-O-O Be7 10. Qd3 Qa5 11. h4 Rd8 12. Nd4 h6 13. Bd2 Qc7 14. f4 a6 15. Qe2 b5 16. Nxc6 Qxc6 17. e5 dxe5 18. fxe5 Nd5 19. Nxd5 Rxd5 20. Qg4 g6 21. Rhf1 h5 22. Qf3 O-O 23. Kb1 Qc4 24. Bh6 Rxd1+ 25. Qxd1 Rc8 26. g3 Qe4 27. Re1 Qd5 28. Qe2 Rd8 29. a3 a5 30. Rf1 Rd7 31. Qf2 Bd8 32. Qf4 Qd4 33. Qxd4 Rxd4 34. Re1 Kh7 35. Bf4 g5 36. hxg5 Kg6 37. c3 Rd5 38. Kc2 Bxg5 39. Bxg5 Kxg5 40. a4 bxa4 41. c4 Rd8 42. Kc3 Rb8 43. c5 Rb3+ 44. Kd4 Rxb2 45. Rc1 a3 46. Kc3 Rb5 47. Kc4 Rb4+ 48. Kc3 Kg4 49. Ra1 Rb5 50. Kc4 Rb4+ 51. Kc3 Rb5 52. Kc4 Rb4+ 53. Kc3 Rb5 54. Kc4 1/2-1/2